 Dungeon Crawl Stone Soup version 0.28.0 (webtiles) character file.

Game seed: 13110099898043845599

12906 sasquatch the Destroyer (level 11, -7/89 HPs)
             Began as a Grey Draconian Ice Elementalist on Feb 10, 2022.
             Was a Priest of Vehumet.
             Mangled by a reaper (37 damage)
             ... in an ice cave.
             The game lasted 00:41:23 (15822 turns).

sasquatch the Destroyer (DrIE)                     Turns: 15822, Time: 00:41:24

Health: -7/89      AC: 15    Str: 11    XL:     11   Next: 68%
Magic:  19/20      EV: 14    Int: 20    God:    Vehumet [***...]
Gold:   555        SH:  0    Dex: 11    Spells: 4/23 levels left

rFire   . . .      SeeInvis .   b - staff of cold
rCold   + + .      Faith    .   (no shield)
rNeg    . . .      Spirit   .   (armour unavailable)
rPois   .          Reflect  .   C - +2 hat
rElec   .          Harm     .   (no cloak)
rCorr   .          Rampage  .   t - +0 pair of gloves
Will    +....                   (no boots)
Stlth   ++........              (no amulet)
HPRegen 0.24/turn               x - ring of protection from cold
MPRegen 0.17/turn               y - ring of willpower

@: no status effects
A: AC +12, amphibious, unfitting armour, cold-blooded
a: Renounce Religion


You were in an ice cave.
You worshipped Vehumet.
Vehumet was most pleased with you.
You visited 3 branches of the dungeon, and saw 11 of its levels.
You also visited: Ossuary and Ice Cave.

You collected 555 gold pieces.

Inventory:

Hand Weapons
 m - a +0 flail of holy wrath
Missiles
 f - a throwing net
 p - 27 poisoned darts
 A - 3 curare-tipped darts
Armour
 t - a +0 pair of gloves (worn)
 C - a +2 hat (worn)
Magical Staves
 b - a staff of cold (weapon)
Jewellery
 i - a ring of fire
 q - a ring of positive energy
 x - a ring of protection from cold (left hand)
 y - a ring of willpower (right hand)
Wands
 o - a wand of flame (9)
Scrolls
 g - 4 scrolls of fog
 h - 3 scrolls of teleportation
 r - 2 scrolls of enchant weapon {unknown}
 s - 4 scrolls of enchant armour
 u - a scroll of vulnerability {unknown}
 v - a scroll of immolation {unknown}
Potions
 a - 2 potions of ambrosia
 c - 5 potions of haste
 e - 2 potions of might
 j - a potion of resistance
 k - 5 potions of curing
 l - 2 potions of mutation
 n - 2 potions of brilliance
 w - 2 potions of flight
 B - 2 potions of lignification {unknown}


   Skills:
 - Level 6.0 Fighting
 - Level 6.0 Dodging
 - Level 1.7 Stealth
 + Level 6.5 Spellcasting
 - Level 10.0 Conjurations
 - Level 8.0 Fire Magic
 - Level 10.0 Ice Magic


You had 4 spell levels left.
You knew the following spells:

 Your Spells              Type           Power      Damage    Failure   Level
a - Freeze                Ice            100%       1d11      1%          1
b - Frozen Ramparts       Ice            100%       1d12      1%          3
c - Ozocubu's Armour      Ice            63%        N/A       1%          3
d - Hailstorm             Conj/Ice       63%        3d13      1%          4
e - Foxfire               Conj/Fire      100%       2x1d9     1%          1
f - Sticky Flame          Conj/Fire      42%        2d6       1%          4
g - Conjure Flame         Conj/Fire      42%        6-21      1%          3

Your spell library contained the following spells:

 Spells                   Type           Power      Damage    Failure   Level
 Mephitic Cloud           Conj/Pois/Air  19%        N/A       2%          3
 Ensorcelled Hibernation  Hex/Ice        78%        N/A       1%          2
 Ignite Poison            Fire/Tmut/Pois 17%        N/A       2%          3
 Animate Skeleton         Necr           12%        N/A       10%         1
 Apportation              Tloc           12%        N/A       10%         1
 Pain                     Necr           24%        1d5       10%         1
 Slow                     Hex            24%        N/A       10%         1
 Summon Small Mammal      Summ           24%        N/A       10%         1
 Ice Form                 Ice/Tmut       39%        N/A       13%         4
 Summon Ice Beast         Ice/Summ       39%        N/A       13%         4
 Passwall                 Tmut/Erth      5%         N/A       16%         2
 Call Canine Familiar     Summ           6%         N/A       30%         3
 Confusing Touch          Hex            6%         N/A       30%         3
 Summon Guardian Golem    Hex/Summ       6%         N/A       30%         3
 Swiftness                Air            6%         N/A       30%         3
 Vampiric Draining        Necr           6%         2d6       30%         3
 Agony                    Necr           6%         N/A       95%         5
 Excruciating Wounds      Necr           3%         N/A       95%         5


Dungeon Overview and Level Annotations

Branches:
Dungeon (9/15)             Temple (1/1) D:7            Lair (1/6) D:9
Ossuary (visited)           IceCv (1/1)
    Orc: D:9-12

Altars:
Cheibriados
Dithmenos
Elyvilon
Vehumet
Wu Jian

Annotations:
D:3 Natasha
Lair:1 Urug


Innate Abilities, Weirdness & Mutations

Your dull iron-grey scales are very hard. (AC +12)
You are amphibious.
You cannot fit into any form of body armour.
You are cold-blooded and may be slowed by cold attacks.


Message History

Unknown command.
Casting: Hailstorm (safe; 1% risk of failure)
Confirm with . or Enter, or press ? or * to list all spells.
You feel a surge of power! A film of ice covers your body!
The reaper shouts, "I have come for you, sasquatch!"
The reaper hits you from afar with a +0 scythe of freezing!
The reaper freezes you.
The reaper is engulfed in blazing flames.
The reaper hits you from afar with a +0 scythe of freezing!!
* * * LOW HITPOINT WARNING * * *
The reaper freezes you.
* * * LOW HITPOINT WARNING * * *
Unknown command.
Your icy armour will break if you move.
Continue?
Okay, then.
Your icy armour will break if you move.
Continue?
Your icy armour cracks and falls away as you move.
Unknown command.
The reaper is engulfed in blazing flames.
Unknown command.
Casting: Ozocubu's Armour (safe; 1% risk of failure)
Confirm with . or Enter, or press ? or * to list all spells.
Casting: Hailstorm (safe; 1% risk of failure)
Press: ? - help, Dir - look around, f - activate
Okay, then.
You feel much better.
The reaper hits you from afar with a +0 scythe of freezing!!
* * * LOW HITPOINT WARNING * * *
The reaper freezes you.
* * * LOW HITPOINT WARNING * * *
Unknown command.
You feel much better.
The reaper hits you from afar with a +0 scythe of freezing!!
* * * LOW HITPOINT WARNING * * *
The reaper freezes you.
* * * LOW HITPOINT WARNING * * *
Unknown command.
You feel much better.
The reaper hits you from afar with a +0 scythe of freezing!!!
You die...

#.........#§..#
##....#
.#..####...#...#
##.#.##
...............#
#..###.
.#.2........#..#
#...##.
#.#.#..#§#..##.##
#...... #
###..#§##.#..#
#..#...
#..##2.#....#
#..#..#
##.#...##..##
##..####
#.@.....# #..##
#......## ##...#
##.....# #...##
##...## ##..##
##### #....##
##.....## ####
#.......#
##..######
##......#
##....##..##
###.......#


You could see a reaper.

Vanquished Creatures
  A boulder beetle (D:9)
  A two-headed ogre (D:8)
  Pikel (D:6)
  2 ice statues (IceCv)
  3 kobold demonologists (D:9)
  A freezing wraith (IceCv)
  6 ice devils (IceCv)
  A polar bear (Lair:1)
  Grinder (D:4)
  Sigmund (D:6)
  A dire elephant simulacrum (IceCv)
  A wyvern (D:9)
  11 yaks (Lair:1)
  Eustachio (D:6)
  A steam dragon (D:9)
  2 death yak simulacra (IceCv)
  2 water moccasins
  3 orc warriors
  2 ice beasts
  4 hornet zombies (Ossuary)
  2 black bears
  3 ogres
  A centaur (D:6)
  A lemure (D:6)
  7 kobold brigands
  6 bullfrogs
  3 gnoll sergeants
  A two-headed ogre simulacrum (IceCv)
  A water moccasin zombie (Ossuary)
  A scorpion (D:6)
  3 elephant simulacra (IceCv)
  3 howler monkeys (D:7)
  7 centaur zombies
  4 bullfrog zombies (Ossuary)
  A centaur skeleton (D:4)
  3 hounds (D:5)
  3 bullfrog skeletons
  2 orc priests
  Jessica (D:3)
  12 orc wizards
  Natasha (twice) (D:3)
  4 iguanas
  A polar bear simulacrum (IceCv)
  3 troll simulacra (IceCv)
  3 killer bee zombies (Ossuary)
  5 spriggan simulacra (IceCv)
  2 hound skeletons
  13 mummies (Ossuary)
  4 adders
  12 gnolls
  4 naga simulacra (IceCv)
  3 shadow imps
  2 white imps
  An ufetubus (D:5)
  An adder skeleton (D:4)
  A worm (D:2)
  A dart slug (D:1)
  22 orcs
  6 bats
  11 endoplasms
  3 giant cockroaches
  15 goblins
  8 hobgoblins
  11 jackals
  25 kobolds
  4 quokkas
  7 ball pythons
  4 frilled lizards
  2 rats
291 creatures vanquished.

Vanquished Creatures (collateral kills)
  A foxfire (Lair:1)
1 creature vanquished.

Vanquished Creatures (others)
  292 foxfires
  A fungus (Lair:1)
  A plant (D:5)
  9 withered plants (Ossuary)
303 creatures vanquished.

Grand Total: 595 creatures vanquished

Notes
Turn   | Place    | Note
-------+----------+-------------------------------------------
     0 | D:1      | sasquatch the Draconian Ice Elementalist began the quest
                  | for the Orb.
     0 | D:1      | Reached XP level 1. HP: 14/14 MP: 3/3
   288 | D:1      | Reached XP level 2. HP: 20/20 MP: 0/5
   801 | D:1      | Found a faded altar of an unknown god.
   881 | D:1      | Reached XP level 3. HP: 22/26 MP: 0/7
   890 | D:1      | Learned a level 3 spell: Frozen Ramparts
   894 | D:1      | Learned a level 3 spell: Ozocubu's Armour
  1266 | D:2      | Noticed an ogre
  1293 | D:2      | Killed an ogre
  1294 | D:2      | Reached skill level 5 in Ice Magic
  1294 | D:2      | Reached XP level 4. HP: 33/33 MP: 0/8
  1867 | D:2      | Reached XP level 5. HP: 37/38 MP: 6/9
  2147 | D:3      | Found a snail-covered altar of Cheibriados.
  2693 | D:3      | Noticed Jessica
  2695 | D:3      | Killed Jessica
  2921 | D:3      | Noticed Natasha
  2925 | D:3      | Killed Natasha
  3414 | D:3      | Reached XP level 6. HP: 45/45 MP: 6/11
  3507 | D:3      | Noticed Natasha
  3515 | D:3      | Killed Natasha
  3595 | D:3      | Learned a level 4 spell: Hailstorm
  3686 | D:4      | Noticed Grinder
  3706 | D:3      | Noticed Natasha
  3926 | D:4      | Reached skill level 1 in Conjurations
  4118 | D:4      | Found a shadowy altar of Dithmenos.
  4233 | D:4      | Your scales start taking on a dull iron-grey colour.
  4233 | D:4      | Reached XP level 7. HP: 50/50 MP: 6/13
  4420 | D:5      | Entered Level 5 of the Dungeon
  5442 | D:6      | Noticed Sigmund
  5561 | D:4      | Paralysed by Grinder for 5 turns
  5578 | D:4      | Killed Grinder
  5579 | D:4      | Reached skill level 5 in Conjurations
  5579 | D:4      | Reached XP level 8. HP: 50/57 MP: 2/14
  5886 | D:6      | Killed Sigmund
  5987 | D:6      | Noticed Pikel
  5995 | D:6      | Killed Pikel
  6432 | D:6      | Reached XP level 9. HP: 62/62 MP: 9/15
  6896 | D:6      | Noticed Eustachio
  6927 | D:6      | Killed Eustachio
  7844 | D:7      | Identified a scroll of acquirement
  7844 | D:7      | Acquired a staff of cold
  7882 | D:7      | Found a sand-covered staircase.
  7944 | D:7      | Found a staircase to the Ecumenical Temple.
  7953 | Temple   | Entered the Ecumenical Temple
  8011 | Temple   | Became a worshipper of Vehumet
  8084 | Ossuary  | Entered an ossuary
  8820 | Ossuary  | Reached skill level 10 in Conjurations
  8820 | Ossuary  | Reached skill level 10 in Ice Magic
  9094 | Ossuary  | Reached * piety under Vehumet
  9094 | Ossuary  | Offered knowledge of Foxfire by Vehumet.
  9685 | D:7      | Reached skill level 5 in Spellcasting
  9685 | D:7      | Reached XP level 10. HP: 67/69 MP: 10/17
 10193 | D:7      | Learned a level 1 spell: Foxfire
 10216 | D:8      | Noticed a two-headed ogre
 10231 | D:8      | Killed a two-headed ogre
 10232 | D:8      | Reached skill level 1 in Fighting
 10377 | D:8      | Learned a level 4 spell: Sticky Flame
 11485 | D:9      | Found a staircase to the Lair.
 11696 | D:9      | Reached ** piety under Vehumet
 11696 | D:9      | Offered knowledge of Static Discharge by Vehumet.
 12076 | D:9      | Noticed a centaur warrior
 12076 | D:9      | Noticed a skeletal warrior
 12086 | D:9      | Noticed a purple ugly thing
 12087 | D:9      | Noticed a two-headed ogre
 12106 | D:9      | Reached skill level 5 in Fighting
 12113 | D:9      | Reached skill level 5 in Dodging
 12135 | D:9      | Noticed a sixfirhy
 12404 | D:9      | Noticed a deep elf pyromancer
 12477 | D:9      | Noticed a boulder beetle
 12486 | D:9      | Killed a boulder beetle
 12659 | D:9      | Reached XP level 11. HP: 89/89 MP: 5/20
 13018 | D:9      | Reached skill level 1 in Fire Magic
 13182 | Lair:1   | Entered Level 1 of the Lair of Beasts
 13192 | Lair:1   | Offered knowledge of Searing Ray by Vehumet.
 13203 | Lair:1   | Noticed Urug
 13541 | Lair:1   | Reached skill level 5 in Fire Magic
 13673 | Lair:1   | Found a frozen archway.
 13692 | IceCv    | Entered an ice cave
 13773 | IceCv    | Reached *** piety under Vehumet
 15395 | IceCv    | Offered knowledge of Mephitic Cloud by Vehumet.
 15501 | IceCv    | Noticed a reaper
 15746 | IceCv    | Learned a level 3 spell: Conjure Flame
 15822 | IceCv    | Mangled by a reaper

Illustrated notes

Levels and vault maps discovered:
D:1:      lemuel_arrival_muddy, layout_loops_cross,
          dreamdust_ecumenical_altar_hidden_monk_grotto
D:2:      layout_basic, minmay_heptomino_l4
D:3:      kennysheep_goblin_castle, layout_loops_ring,
          mainiacjoe_overflow_alcove_2, uniq_jessica, uniq_natasha
D:4:      layout_basic, grunt_dithmenos_smoke, uniq_grinder
D:5:      layout_gridville, serial_bayou_lake_a
D:6:      layout_gridville, uniq_sigmund, uniq_pikel, uniq_eustachio
D:7:      layout_gridville, minmay_temple_entry_antechambers,
          nicolae_ossuary_entry_false_entrances
D:8:      layout_basic
D:9:      layout_roguey, lair_entry_dummy, minivault_12
Temple:   mainiacjoe_temple_big_plus
Lair:1:   layout_cave_pods, portal_ice_cave_entry_pillars_2, uniq_urug
IceCv:    ice_cave_small_demon

Skill      XL: |  1  2  3  4  5  6  7  8  9 10 11 |
---------------+----------------------------------+-----
Spellcasting   | 3 4 5 6 |  6.5
Ice Magic      | 5 6 7 8 10 | 10.0
Conjurations   | 2 5 8 10 | 10.0
Fighting       | 6 |  6.0
Dodging        | 5 6 |  6.0
Fire Magic     | 8 |  8.0
Stealth        | |  1.7

Action                   |  1- 3 |  4- 6 |  7- 9 | 10-12 || total
-------------------------+-------+-------+-------+-------++-------
Melee: Unarmed           |    16 |       |       |       ||    16
       Tailslap          |     1 |     4 |    28 |    17 ||    50
       Whip              |       |     8 |       |       ||     8
       Flail             |       |    14 |   195 |    41 ||   250
       Punch             |       |       |     3 |       ||     3
       Staff             |       |       |     1 |    37 ||    38
 Cast: Freeze            |    51 |    45 |    35 |    43 ||   174
       Frozen Ramparts   |     1 |    28 |    33 |    37 ||    99
       Ozocubu's Armour  |       |     3 |    30 |    12 ||    45
       Hailstorm         |       |       |    42 |    37 ||    79
       Foxfire           |       |       |       |   177 ||   177
       Sticky Flame      |       |       |       |    25 ||    25
       Conjure Flame     |       |       |       |     4 ||     4
  Use: Scroll            |       |       |    16 |     4 ||    20
       Potion            |       |       |       |     4 ||     4
Armor: Skin              |    17 |    11 |   168 |   123 ||   319
Dodge: Dodged            |    43 |    41 |   196 |   152 ||   432
